 Dungeon Crawl Stone Soup version 0.27-a0-1230-gfc7c993222 (webtiles) character file.

Game seed: 1667743100410433584

63 Ethylacetat the Stinger (level 4, -8/36 HPs)
             Began as a Naga Venom Mage on June 8, 2021.
             Mangled by Grinder (9 damage)
             ... on level 3 of the Dungeon.
             The game lasted 00:09:09 (1740 turns).

Ethylacetat the Stinger (Naga Venom Mage)           Turns: 1740, Time: 00:09:11

Health: -8/36      AC:  2    Str: 10    XL:     4   Next: 10%
Magic:  0/7        EV: 10    Int: 16    God:
Gold:   83         SH:  0    Dex: 12    Spells: 3/8 levels left

rFire    . . .     SeeInvis +   h - staff of poison
rCold    . . .     Faith    .   (no shield)
rNeg     . . .     Spirit   .   a - +0 robe
rPois    +         Reflect  .   (no helmet)
rElec    .         Harm     .   (no cloak)
rCorr    .         Rampage  .   (no gloves)
Will     .....                  (no barding)
Stlth    ++........             p - amulet of magic regeneration
HPRegen  0.12/turn              (no ring)
MPRegen  0.35/turn              (no ring)

@: short of breath, very slightly contaminated, very slow
A: AC +1, large, see invisible, deformed body, poison resistance, slowness 2,
spit poison 1, naga tail 1
a: Spit Poison


You were on level 3 of the Dungeon.
You visited 1 branch of the dungeon, and saw 3 of its levels.

You collected 83 gold pieces.

Inventory:

Hand Weapons
 j - a +1 short sword of protection
Missiles
 l - 4 curare-tipped darts
Armour
 a - a +0 robe (worn)
Magical Staves
 h - a staff of poison (weapon)
Jewellery
 p - an amulet of magic regeneration (around neck)
Scrolls
 b - a scroll of identify {unknown}
 c - a scroll of fog {unknown}
 f - a scroll of enchant armour {unknown}
 k - a scroll of fear {unknown}
 n - 2 scrolls of torment {unknown}
 r - a scroll of blinking {unknown}
Potions
 d - a potion of degeneration {unknown}
 e - a potion of berserk rage {unknown}
 g - a potion of cancellation {unknown}
 i - a potion of ambrosia {unknown}
 m - a potion of mutation {unknown}
 o - a potion of haste {unknown}
 q - a potion of brilliance {unknown}
 s - a potion of heal wounds {unknown}


   Skills:
 + Level 0.1 Fighting
 - Level 1.5 Dodging
 - Level 3.0 Stealth
 + Level 2.5 Spellcasting
 + Level 2.1 Transmutations
 + Level 5.3 Poison Magic


You had 3 spell levels left.
You knew the following spells:

 Your Spells              Type           Power      Damage    Failure   Level
a - Sting                 Tmut/Pois      80%        1d7       4%          1
b - Olgreb's Toxic Radia  Pois           28%        N/A       22%         4

Your spell library contained the following spells:

 Spells                   Type           Power      Damage    Failure   Level
 Poisonous Vapours        Pois/Air       30%        N/A       10%         2
 Ignite Poison            Fire/Tmut/Pois 14%        N/A       22%         3
 Mephitic Cloud           Conj/Pois/Air  11%        N/A       28%         3


Dungeon Overview and Level Annotations

Branches:
Dungeon (3/15)

Altars:
Ru

Annotations:
D:3 Grinder


Innate Abilities, Weirdness & Mutations

Your serpentine skin is tough. (AC +1)
You have supernaturally acute eyesight. (SInv)
Armour fits poorly on your strangely shaped body.
Your system is resistant to poisons. (rPois)
You cover ground very slowly.
You can spit poison.
You have a snake-like lower body.


Message History

Confirm with . or Enter, or press ? or * to list all spells.
Aiming: Sting (safe; 4% risk of failure)
Press: ? - help, Shift-Dir - straight line, f/p - Grinder
Aim: Grinder (severely wounded, 73% to hit)
You feel a surge of power!
The sting misses Grinder.
Your magical contamination has completely faded away.
Casting: Sting (safe; 4% risk of failure)
Confirm with . or Enter, or press ? or * to list all spells.
Aiming: Sting (safe; 4% risk of failure)
Press: ? - help, Shift-Dir - straight line, f/p - Grinder
Aim: Grinder (severely wounded, 73% to hit)
You feel a surge of power!
The sting hits Grinder.
Grinder partially resists.
Grinder is severely wounded.
Casting: Sting (safe; 4% risk of failure)
Confirm with . or Enter, or press ? or * to list all spells.
Aiming: Sting (safe; 4% risk of failure)
Press: ? - help, Shift-Dir - straight line, f/p - Grinder
Aim: Grinder (severely wounded, 73% to hit)
You feel a surge of power!
You miscast Sting.
You are very lightly contaminated with residual magic.
Nothing appears to happen.
You have got your breath back.
You hit Grinder.
Grinder is almost dead.
Grinder misses you. Grinder hits you!
* * * LOW HITPOINT WARNING * * *
Press: ? - help, Shift-Dir - straight line, f/p - Grinder
Aim: Grinder (almost dead)
The splash of poison misses Grinder.
Grinder gestures at you. You resist with significant effort.
Casting: Sting (safe; 4% risk of failure)
Confirm with . or Enter, or press ? or * to list all spells.
Aiming: Sting (safe; 4% risk of failure)
Press: ? - help, Shift-Dir - straight line, f/p - Grinder
Aim: Grinder (almost dead, 73% to hit)
You feel a surge of power!
The sting hits Grinder.
Grinder partially resists.
Grinder is almost dead.
Grinder hits you!
You die...

######### ...>....#
#######@# .#
##.....#5######.#
##.......)........
..................
.........†........
..................
..................
..................
...................


You could see Grinder.

Vanquished Creatures
  An adder (D:3)
  2 dart slugs
  4 orcs (D:3)
  4 endoplasms
  2 giant cockroaches
  4 goblins
  5 hobgoblins
  5 kobolds
  A quokka (D:1)
  9 ball pythons
  A bat (D:2)
  A frilled lizard (D:2)
  4 rats
43 creatures vanquished.

Notes
Turn   | Place    | Note
-------+----------+-------------------------------------------
     0 | D:1      | Ethylacetat the Naga Venom Mage began the quest for the
                  | Orb.
     0 | D:1      | Reached XP level 1. HP: 15/15 MP: 3/3
   201 | D:1      | Reached XP level 2. HP: 22/22 MP: 1/5
   827 | D:1      | Reached XP level 3. HP: 28/28 MP: 4/6
  1058 | D:2      | Found a sacrificial altar of Ru.
  1466 | D:2      | Found a faded altar of an unknown god.
  1616 | D:3      | Reached skill level 5 in Poison Magic
  1691 | D:3      | Noticed Grinder
  1697 | D:3      | Reached XP level 4. HP: 36/36 MP: 7/7
  1702 | D:3      | Learned a level 4 spell: Olgreb's Toxic Radiance
  1709 | D:3      | Paralysed by Grinder for 5 turns
  1738 | D:3      | HP: 1/36 [Grinder (7)]
  1740 | D:3      | Mangled by Grinder

Illustrated notes

Levels and vault maps discovered:
D:1:      scummos_arrival_simple_crosswalls, layout_loops_ring
D:2:      layout_rooms, ebering_ecumenical_altar_box, basic_altar
D:3:      layout_basic, kennysheep_generic_room_16, uniq_grinder, uniq_ijyb

Skill      XL: |  1  2  3 |
---------------+----------+-----
Poison Magic   | 5 |  5.3
Transmutations | 2 |  2.1
Fighting       | |  0.1
Dodging        | |  1.5
Stealth        | |  3.0
Spellcasting   | |  2.5

Action                   |  1- 3 |  4- 6 || total
-------------------------+-------+-------++-------
Melee: Unarmed           |     2 |       ||     2
       Short sword       |     4 |       ||     4
       Staff             |       |     4 ||     4
 Cast: Sting             |    48 |     8 ||    56
       Olgreb's Toxic Ra |       |     3 ||     3
 Abil: Spit Poison       |    26 |     3 ||    29
Armor: Robe              |     5 |     3 ||     8
Dodge: Dodged            |    11 |     9 ||    20

Table legend: (Time is in decaauts)
 A = Elapsed time spent in this place.
 B = Non-inter-level travel time spent in this place.
 C = Inter-level travel time spent in this place.
 D = Time resting spent in this place.
 E = Time spent auto-exploring this place.
 F = Levels seen in this place.
 G = Mean time per level.
                   A        B        C        D        E       F      G
               +--------+--------+--------+--------+--------+-----+--------+
         Total |   2147 |   2114 |     33 |      0 |   1816 |   3 |  715.7 |
       Dungeon |   2147 |   2114 |     33 |      0 |   1816 |   3 |  715.7 |
               +--------+--------+--------+--------+--------+-----+--------+

Top non-repeatable levels by time:
     D:1: 1174 daAuts
     D:2: 810 daAuts
     D:3: 163 daAuts
